 Dungeon Crawl Stone Soup version 0.20-a0-509-ga2a529b (webtiles) character file.

67 Kaname the Charmwright (level 4, 24/33 HPs)
             Began as a Demonspawn Skald on Jan 22, 2017.
             Quit the game on level 2 of the Dungeon.
             The game lasted 00:03:43 (2090 turns).

Kaname the Charmwright (Demonspawn Skald)           Turns: 2090, Time: 00:03:43

Health: 24/33      AC: 12    Str: 11    XL:     4   Next: 0%
Magic:  7/7        EV: 12    Int: 15    God:
Gold:   64         SH:  0    Dex: 15    Spells: 2/7 levels left

rFire    . . .     SeeInvis .   l - +2 dagger (protect)
rCold    . . .     Gourm    .   b - +0 leather armour
rNeg     . . .     Faith    .   (no shield)
rPois    +         Spirit   .   (helmet restricted)
rElec    .         Reflect  .   (no cloak)
rCorr    .         Harm     .   (no gloves)
MR       .....                  a - +1 pair of boots
Stlth    ++........             (no amulet)
Regen    0.2/turn               (no ring)
                                g - ring of poison resistance

@: protection aura
A: antennae 1, thin skeletal structure 1
a: no special abilities


You were on level 2 of the Dungeon.
You were very hungry.

You visited 1 branch of the dungeon, and saw 2 of its levels.

You collected 64 gold pieces.

Inventory:

Hand Weapons
 l - a +2 dagger of protection (weapon)
Missiles
 o - a throwing net (quivered)
Armour
 a - a +1 pair of boots (worn)
 b - a +0 leather armour (worn)
Jewellery
 g - a ring of poison resistance (left hand)
Scrolls
 e - 2 scrolls of enchant armour
 f - a scroll of fear
 i - a scroll of identify {unknown}
 j - a scroll of recharging {unknown}
 n - a scroll of teleportation {unknown}
Potions
 h - 2 potions of brilliance {unknown}
 k - a potion of ambrosia {unknown}
 p - a potion of curing {unknown}
Books
 c - a book of Battle

   Spells                             Type                      Level
   a - Infusion                       Charms                       1
   b - Shroud of Golubria             Charms/Translocation         2
   c - Song of Slaying                Charms                       2
   d - Spectral Weapon                Hexes/Charms                 3
   e - Regeneration                   Charms/Necromancy            3
Comestibles
 d - a bread ration
 m - a meat ration


   Skills:
 - Level 2.0 Fighting
 - Level 3.0 Short Blades
 - Level 0.8 Armour
 - Level 1.7 Dodging
 - Level 2.0 Spellcasting
 + Level 3.6 Charms


You had 2 spell levels left.
You knew the following spells:

 Your Spells              Type           Power        Failure   Level  Hunger
a - Infusion              Chrm           ##..         10%         1    #......
b - Song of Slaying       Chrm           ##......     12%         2    ###....
c - Shroud of Golubria    Chrm/Tloc      #.........   24%         2    ###....


Dungeon Overview and Level Annotations

Branches:
Dungeon (2/15)

Altars:
Dithmenos
Gozag
Kikubaaqudgha
Trog
Yredelemnul


Innate Abilities, Weirdness & Mutations

You have a pair of small antennae on your head.
You have a somewhat thin skeletal structure. (Dex +2, Stealth)


Message History

The kobold hits you but does no damage.
You barely miss the hobgoblin.
The hobgoblin is moderately wounded.
The kobold misses you. The hobgoblin hits you with a club.
You hit the hobgoblin.
The hobgoblin is heavily wounded.
You closely miss the hobgoblin.
The hobgoblin is heavily wounded.
The kobold closely misses you.
You hit the hobgoblin but do no damage.
The hobgoblin is heavily wounded.
The kobold hits you.
The hobgoblin hits you but does no damage.
You hit the hobgoblin.
You kill the hobgoblin!
You have reached level 4!
You feel agile.
Your demonic ancestry asserts itself...
Your bones become slightly less dense.
The goblin closely misses you. The kobold barely misses you.
Are you sure you want to abandon this character and quit the game? (Confirm with "yes".)

#........# #.# #.....#
##### #........# #.#
#.....# ....# ##########
#.# #.....# .#..#
########.# #.....# _...#
######.......<######'##
.#..#
..............)......#
....#
.............###########
#####
.......g)....#..........
_.....bK@....'..........
8_.....#######..........
_...... #..........
....!.. ##..........
....### #....)......
.... ####...#...#### ...
#####..........# ..
..............#
.#.#..........#


You could see a goblin, a bat and a kobold.

Vanquished Creatures
  2 adders (D:2)
  A worm (D:2)
  3 bats
  5 giant cockroaches
  6 goblins
  7 hobgoblins
  3 jackals (D:1)
  5 frilled lizards
  7 kobolds
  6 rats
45 creatures vanquished.

Notes
Turn   | Place    | Note
-------+----------+-------------------------------------------
     0 | D:1      | Kaname the Demonspawn Skald began the quest for the Orb.
     0 | D:1      | Reached XP level 1. HP: 16/16 MP: 3/3
   227 | D:1      | Gained mutation: You have a pair of small antennae on your head. [demonic ancestry]
   227 | D:1      | Reached XP level 2. HP: 21/22 MP: 5/5
   470 | D:1      | Learned a level 2 spell: Song of Slaying
   473 | D:1      | Learned a level 2 spell: Shroud of Golubria
  1073 | D:1      | Reached XP level 3. HP: 20/27 MP: 6/6
  1771 | D:2      | Found a basalt altar of Yredelemnul.
  1918 | D:2      | Found an opulent altar of Gozag.
  2075 | D:2      | Found a bloodstained altar of Trog.
  2076 | D:2      | Found an ancient bone altar of Kikubaaqudgha.
  2076 | D:2      | Found a shadowy altar of Dithmenos.
  2089 | D:2      | Gained mutation: You have a somewhat thin skeletal structure. (Dex +2, Stealth) [demonic ancestry]
  2089 | D:2      | Reached XP level 4. HP: 24/33 MP: 7/7
  2090 | D:2      | Quit the game

Vault maps used:
D:1:      matt_arrival_diagonals
D:2:      lemuel_crystal_altar, lemuel_doored_altar,
          chequers_temple_overflow_statue_of_worship, st_stairs_4

Skill      XL: |  1  2  3 |
---------------+----------+-----
Short Blades   | 2 3 |  3.0
Charms         | 3 |  3.6
Fighting       | |  2.0
Armour         | |  0.8
Dodging        | |  1.7
Spellcasting   | |  2.0

Action                   |  1- 3 |  4- 6 || total
-------------------------+-------+-------++-------
Melee: Short sword       |   146 |       ||   146
       Dagger            |    74 |       ||    74
 Cast: Shroud of Golubri |     1 |       ||     1
  Use: Scroll            |     2 |       ||     2
  Eat: Chunk             |     3 |       ||     3
Armor: Leather armour    |    71 |       ||    71
Dodge: Dodged            |   107 |     2 ||   109
